← All builds
Suicide front / Armada / Factory first / OBSERVED BUILD

Standard suicide front

Armada Suicide front build order · Supreme Isthmus

The role's standard play: bot lab first, Rocketeer/Centurion/Pawn based force pushes into the middle to contest and hold it until T2 arrives.

Usually lab first (63%)

#rush #push · 1309 distinct matches · 127 players · 71% of Armada Suicide front games · team won 59% of 1550 · Recently observed

HOW TO PLAY IT

Key timing: Bot Lab by 0:20

  1. Open with mex and wind, drop Bot Lab immediately.
  2. Push out first "Centurion" as Pond's boost lands.
  3. Send "Rocketeer", "Centurion", "Pawn" mix to contest middle.
  4. Add Dragon's Teeth and Sentries to hold the line.
  5. Get Advanced Metal Extractor up as T2 nears.

Phase by phase

TYPICAL OF ITS 1309 GAMES
  1. 1
  2. 2
  3. 3
PLAY THE OPENING

Follow the example game's first 6:00 step by step: what to build now, what comes next, and where it goes. At 1× it keeps pace with your own game.

  1. 1

    Bot Lab first

    Order
    1. Bot LabBot Lab done ~0:20, middle half 0:20–0:33

    Some games also: mex (37%)

  2. 2

    Bot Lab to 5:00

    Economy
    • Metal Extractor5Mex
    • Wind Turbine4Wind
    Builders
    • Construction Bot3 Con bot
    • Lazarus2 Lazarus
    Army
    • Sentry4 Sentry
    • Rocketeer17 Rocketeer
    • Tick2 Tick
    • Centurion1 Centurion
    Other
    • Radar Tower1 Radar Tower

    Some games also: con turret (35%) · pawn (33%)

    By 5:00 in all: 5 mex · 4 wind

    The example game in this phase · 29 steps
    1. Mex
    2. TickTick ×2
    3. Wind
    4. PawnPawn
    5. Wind
    6. Mex
    7. PawnPawn
    8. SentrySentry
    9. Construction BotCon bot
    10. Mex
    11. Construction BotCon bot
    12. CenturionCenturion
    13. Mex
    14. Radar TowerRadar Tower
    15. Construction BotCon bot
    16. SentrySentry
    17. RocketeerRocketeer ×3
    18. SentrySentry
    19. RocketeerRocketeer
    20. Mex
    21. SentrySentry
    22. RocketeerRocketeer ×5
    23. OverwatchOverwatch
    24. RocketeerRocketeer
    25. LazarusLazarus
    26. RocketeerRocketeer ×5
    27. LazarusLazarus
    28. Con turret
    29. OverwatchOverwatch
  3. 3

    5:00 to 10:00

    Economy
    • Metal Extractor1Mex
    • Wind Turbine17Wind
    Builders
    • Construction Turret2 Con turret
    • Lazarus2 Lazarus
    • Construction Bot1 Con bot
    Army
    • Sentry1 Sentry
    • Rocketeer8 Rocketeer
    • Pawn1 Pawn

    Some games also: tick (47%) · Radar Tower (46%) · energy storage (46%) · centurion (45%) · Beamer (39%)

    By 10:00 in all: 6 mex · 23 wind · 1 energy storage · 3 con turret

    The example game in this phase · 70 steps
    1. GauntletGauntletdone 6:14
    2. Dragon's TeethDragon's Teeth ×7
    3. SentrySentry
    4. Con turret ×2
    5. Bot LabBot Labdone 7:11
    6. Mex
    7. TickTick ×6
    8. Con turret
    9. TickTick ×6
    10. Con turret
    11. TickTick ×7
    12. Wind
    13. TickTick
    14. Wind
    15. TickTick
    16. Advanced Metal ExtractorT2 mexdone 9:52 · typical 9:36
    17. SentrySentry
    18. Wind
    19. TickTick
    20. Wind
    21. TickTick
    22. Wind
    23. TickTick ×2
    24. Wind
    25. TickTick
    26. Wind
    27. TickTick ×9
    28. SentrySentry
    29. TickTick
    30. Wind
    31. TickTick
    32. Advanced Metal ExtractorT2 mex
    33. TickTick
    34. Wind
    35. TickTick
    36. Wind
    37. TickTick ×2
    38. Wind
    39. TickTick
    40. Construction BotCon bot
    41. Wind
    42. Construction BotCon bot
    43. Wind
    44. Advanced Metal ExtractorT2 mex
    45. Construction BotCon bot
    46. Wind
    47. Construction BotCon bot
    48. TickTick ×22
    49. Advanced Metal ExtractorT2 mex
    50. TickTick ×4
    51. RattlesnakeRattlesnakedone 12:21
    52. TickTick ×8
    53. Con turret
    54. TickTick ×9
    55. RattlesnakeRattlesnake
    56. TickTick ×7
    57. Fusion ReactorFusiondone 13:55
    58. TickTick ×7
    59. Fusion ReactorFusion
    60. TickTick ×6
    61. Converter
    62. TickTick ×4
    63. Converter
    64. TickTick ×3
    65. Converter
    66. TickTick ×4
    67. Converter
    68. TickTick ×4
    69. CitadelAnti-nukenot finished by 15:00
    70. TickTick

Counts are medians over the build's games: half of them build more, half fewer. The example game is BeanBro's (46 OS, 07/09/2026); pick another.

Team trades

IN AT LEAST 30% OF ITS GAMES

You hand over

Nothing regular.

You get

  • Tidal Generator4 Tidal from Pondfirst at 0:10 · in 69% of games
  • Advanced Construction Bot1 T2 con bot from Geo or Techfirst at 7:30 · in 59% of games

How it plays out

Typical game of this build, running totals by minute

Metal produced

010k20k30k
0:005:0010:0015:00

metal

Enemy metal destroyed

05k10k
0:005:0010:0015:00

metal

Own metal lost

05k10k
0:005:0010:0015:00

metal

1550 games.

Show as table
ByMetal produced: This buildEnemy metal destroyed: This buildOwn metal lost: This build
1:0022600
2:0088900
3:002051180106
4:003161660496
5:00424314171026
6:00543423001787
7:00667231752706
8:00792440303613
9:00931647974495
10:001069854325318
11:001225359116059
12:001410665186829
13:001622670297536
14:001809577098373
15:002043283489240
WHAT THE NUMBERS SAY

Standard suicide front play wins slightly more than half its games with fast kills but also fast losses, matching the raw grind of the role.

  • + First kill lands by 2:04 in all games
  • + Metal produced reaches 19882 by 15:00
  • − Own metal lost hits 9208 by 15:00, near metal destroyed of 8172
  • − First unit lost as early as 2:08 in every game
THE EXAMPLE YOU ARE READING

BeanBro

46.1 OS · 07/09/2026

Open source match ↗

7 received units · includes a constructor
149 metal received · 32626 energy received

Allied construction assistance is unknown. Timings are observations, not a promise of solo reproducibility.

Typical milestones

Bot Lab0:20Middle 50%: 0:20–0:33 · n=1543
Advanced Metal Extractor9:36Middle 50%: 8:42–10:48 · n=1143

Played most by

_X_253games of this buildPlatinumBlonde181games of this buildXad127games of this buildImmort74games of this buildwatermeloans60games of this build